 Dungeon Sprint DCSS version 0.17-a0-2093-gc772f4b (webtiles) character file.

21 Kidiri the Firebug (level 2, -2/18 HPs)
             Began as a High Elf Fire Elementalist on Oct 16, 2015.
             Was a Believer of Vehumet.
             Slain by a centaur (8 damage)
             ... in the Dungeon (Sprint VII: "The Pits").
             The game lasted 00:04:04 (664 turns).

Kidiri the Firebug (High Elf Fire Elementalist)      Turns: 664, Time: 00:04:04

Health: -2/18      AC:  2    Str:  7    XL:     2   Next: 65%
Magic:  5/7        EV: 13    Int: 18    God:    Vehumet [**....]
Gold:   0          SH:  0    Dex: 15    Spells: 2 memorised, 5 levels left

rFire  . . .     SeeInvis .     q - staff of energy
rCold  . . .     Clarity  .     a - +0 robe
rNeg   . . .     SustAt   .     (no shield)
rPois  .         Gourm    .     (no helmet)
rElec  .         Spirit   .     (no cloak)
rCorr  .         Warding  .     (no gloves)
rMut   .         NoTele   +     (no boots)
MR     .....                    (no amulet)
Stlth  ++........               (no ring)
                                (no ring)

@: very slightly contaminated, not resistant to hostile enchantments, unstealthy
A: no striking features
a: Renounce Religion


You were in the Dungeon.
You worshipped Vehumet.
Vehumet was pleased with you.
You were not hungry.

You visited 1 branch

Inventory:

Armour
 a - a +0 robe (worn)
Magical Staves
 q - an uncursed staff of energy (weapon)
Scrolls
 i - a scroll of blinking
 n - 3 scrolls of remove curse
 o - 5 scrolls of amnesia
 p - a scroll of summoning
Potions
 f - a potion of haste
 g - 2 potions of magic
 h - 3 potions of berserk rage
 m - 2 potions of invisibility
Books
 b - a book of Flames

   Spells                             Type                      Level
   a - Flame Tongue                   Conjuration/Fire             1
   b - Throw Flame                    Conjuration/Fire             2
   c - Conjure Flame                  Conjuration/Fire             3
   d - Inner Flame                    Hexes/Fire                   3
   e - Sticky Flame                   Conjuration/Fire             4
   f - Fireball                       Conjuration/Fire             5
Comestibles
 c - 8 bread rations
 k - 40 fruits
 l - 7 meat rations


   Skills:
 + Level 1.2 Fighting
 + Level 1.2 Armour
 * Level 3.2 Dodging
 - Level 2.1 Stealth
 * Level 3.7 Spellcasting
 + Level 2.1 Conjurations
 * Level 3.9 Fire Magic
 + Level 1.1 Evocations


You had 5 spell levels left.
You knew the following spells:

 Your Spells              Type           Power        Failure   Level  Hunger
a - Flame Tongue          Conj/Fire      ##...        6%          1    None
b - Throw Flame           Conj/Fire      ##....       10%         2    None


Dungeon Overview and Level Annotations

Branches:
Dungeon (1/1)

Altars:
Ashenzari
Cheibriados
Dithmenos
Elyvilon
Fedhas
Gozag
Kikubaaqudgha
Makhleb
Nemelex Xobeh
Okawaru
Qazlal
Ru
Sif Muna
Trog
Vehumet
Xom
Yredelemnul
Zin
The Shining One
Beogh
Jiyva
Lugonu


Message History

Drink which item? (? for menu, Esc to quit)
Magic courses through your body. The centaur closely misses you.
The centaur hits you.
Casting: Throw Flame
Confirm with . or Enter, or press ? or * to list all spells.
Aiming: Flame Tongue
Press: ? - help, Shift-Dir - straight line, f/p - centaur
Aim: a centaur (heavily wounded)
The flame tongue hits the centaur.
The centaur is severely wounded.
The centaur hits you but does no damage.
Casting: Flame Tongue
Confirm with . or Enter, or press ? or * to list all spells.
Aiming: Flame Tongue
Press: ? - help, Shift-Dir - straight line, f/p - centaur
Aim: a centaur (severely wounded)
The flame tongue hits the centaur.
The centaur is almost dead.
The centaur hits you. The centaur hits you!
You die...

############
#__________#
#__________#
#.#####+##############++
#_#)))+.+..##...........
#_#)))#.#?(##......#..#.
#######+#####...........
#.......)c@.'...........
#+#####'#####......#..#.
#(.#..#..##...........
#..'..+..#####+#####++
##'####+###.......# #...
#.......# #s..r
#.......# #####+
#...<...# #.......#


You could see a centaur.

Vanquished Creatures
  2 oozes (D)
  An ufetubus (D)
  A giant gecko (D)
  A giant cockroach (D)
  A goblin (D)
  A kobold (D)
7 creatures vanquished.

Notes
Turn   | Place    | Note
--------------------------------------------------------------
     0 | D        | Kidiri the High Elf Fire Elementalist began the quest for the Orb.
     0 | D        | Reached XP level 1. HP: 11/11 MP: 4/4
    62 | D        | Found a sacrificial altar of Ru.
    62 | D        | Found a basalt altar of Yredelemnul.
    62 | D        | Found a shadowy altar of Dithmenos.
    62 | D        | Found a deep blue altar of Sif Muna.
    62 | D        | Found a burning altar of Makhleb.
    62 | D        | Found a shimmering altar of Xom.
    62 | D        | Found an ancient bone altar of Kikubaaqudgha.
    62 | D        | Found a sparkling altar of Nemelex Xobeh.
    63 | D        | Found a glowing golden altar of the Shining One.
    63 | D        | Found a bloodstained altar of Trog.
    63 | D        | Found a shattered altar of Ashenzari.
    63 | D        | Found a white marble altar of Elyvilon.
    63 | D        | Found a snail-covered altar of Cheibriados.
    63 | D        | Found a blossoming altar of Fedhas.
    63 | D        | Found a radiant altar of Vehumet.
    63 | D        | Found a glowing silver altar of Zin.
    63 | D        | Found a corrupted altar of Lugonu.
    63 | D        | Found a viscous altar of Jiyva.
    63 | D        | Found a roughly hewn altar of Beogh.
    63 | D        | Found an iron altar of Okawaru.
    69 | D        | Found a stormy altar of Qazlal.
    69 | D        | Found an opulent altar of Gozag.
    71 | D        | Became a worshipper of Vehumet
    95 | D        | Reached skill level 1 in Fighting
   263 | D        | Reached XP level 2. HP: 8/18 MP: 1/7
   265 | D        | Reached * piety under Vehumet
   265 | D        | Offered knowledge of Sandblast by Vehumet.
   265 | D        | Reached skill level 1 in Armour
   269 | D        | Learned a level 2 spell: Throw Flame
   434 | D        | Reached skill level 1 in Evocations
   640 | D        | Noticed a centaur
   650 | D        | Offered knowledge of Shock by Vehumet.
   650 | D        | Reached ** piety under Vehumet
   664 | D        | Slain by a centaur

Vault maps used:
D:        pitsprint

Action                   || total
-------------------------++-------
Melee: Staff             ||     4
 Cast: Flame Tongue      ||    15
       Throw Flame       ||     6
  Use: Potion            ||     4
 Stab: Sleeping          ||     1
